 Dungeon Crawl Stone Soup version 0.29.1-4-g47bece8355 (webtiles) character file.

Game seed: 18239170798862954003

3999 fantasyman the Protected (level 9, -8/79 HPs)
             Began as a Demigod Fighter on Dec 5, 2022.
             Mangled by a two-headed ogre
             ... wielding a +0 giant spiked club
              (18 damage)
             ... on level 8 of the Dungeon.
             The game lasted 00:13:00 (14722 turns).

fantasyman the Protected (Demigod Fighter)         Turns: 14722, Time: 00:13:01

Health: -8/79      AC: 15    Str: 29      XL:     9   Next: 73%
Magic:  11/11      EV:  8    Int:  7 (8)  God:
Gold:   334        SH:  5    Dex: 11 (13) Spells: 8/8 levels left

rFire   . . .      SeeInvis .   a - +0 war axe
rCold   . . .      Faith    .   c - +0 buckler
rNeg    . . .      Spirit   .   s - +0 plate armour
rPois   +          Reflect  .   (no helmet)
rElec   .          Harm     .   (no cloak)
rCorr   .          Rampage  .   (no gloves)
Will    .....      Clarity  +   w - +0 pair of boots
Stlth   ..........              (no amulet)
HPRegen 0.23/turn               e - ring of poison resistance
MPRegen 0.12/turn               (no ring)

@: no status effects
A: high MP 1, forlorn, divine attributes, clarity, deterioration 1, dopey 1
a: no special abilities


You were on level 8 of the Dungeon.
You visited 1 branch of the dungeon, and saw 8 of its levels.

You collected 334 gold pieces.

Inventory:

Hand Weapons
 a - a +0 war axe (weapon)
 v - a +5 long sword
Armour
 c - a +0 buckler (worn)
 s - a +0 plate armour (worn)
 w - a +0 pair of boots (worn)
Jewellery
 e - a ring of poison resistance (left hand)
Wands
 b - a wand of polymorph (9)
 d - a wand of digging (5)
 l - a wand of charming (12)
 m - a wand of mindburst (11)
 t - a wand of roots (5)
 u - a wand of flame (13)
Scrolls
 f - 3 scrolls of poison
 h - 2 scrolls of fear
 i - 3 scrolls of noise
 j - a scroll of magic mapping
 k - 5 scrolls of enchant armour
 o - 2 scrolls of teleportation
Potions
 g - 5 potions of heal wounds
 n - a potion of curing
 p - a potion of might
 q - 3 potions of haste
 r - 2 potions of lignification
 x - a potion of magic
 z - 3 potions of brilliance {unknown}


   Skills:
 + Level 7.2 Fighting
 + Level 5.6 Axes
 + Level 8.6 Armour
 - Level 2.6 Dodging
 - Level 0.3 Stealth
 + Level 5.6 Shields
 + Level 0.6 Unarmed Combat


You had 8 spell levels left.
You didn't know any spells.
Your spell library contained the following spells:

 Spells                   Type           Power      Damage    Failure   Level
 Magic Dart               Conj           0%         1d3       99%         1
 Sting                    Tmut/Pois      0%         1d3       99%         1
 Call Imp                 Summ           0%         N/A       100%        2
 Poisonous Vapours        Pois/Air       0%         N/A       100%        2
 Searing Ray              Conj           0%         2d4       100%        2
 Sublimation of Blood     Necr           0%         N/A       100%        2
 Wereblood                Tmut           0%         N/A       100%        2
 Frozen Ramparts          Ice            0%         1d1       100%        3
 Mephitic Cloud           Conj/Pois/Air  0%         N/A       100%        3
 Fulminant Prism          Conj/Hex       0%         3d6       100%        4
 Ice Form                 Ice/Tmut       0%         N/A       100%        4
 Olgreb's Toxic Radiance  Pois           0%         N/A       100%        4
 Summon Ice Beast         Ice/Summ       0%         N/A       100%        4
 Summon Hydra             Summ           0%         N/A       100%        7


Dungeon Overview and Level Annotations

Branches:
Dungeon (8/15)             Temple (0/1) D:4
   Lair: D:8-11

Shops:
D:2 [

Annotations:
D:3 1 transporter, Mune's ghost, weakling MiFi


Innate Abilities, Weirdness & Mutations

You have an increased reservoir of magic. (+10% MP)
You shall have no god before yourself.
Your divine heritage dramatically boosts your attributes as you level up.
You possess an exceptional clarity of mind.
Your body sometimes deteriorates upon taking damage.
You are dopey. (Int -2)


Message History

You slash the howler monkey!
The howler monkey is severely wounded.
The howler monkey barely misses you. The howler monkey hits you.
You hit the howler monkey.
The howler monkey is almost dead.
You block the howler monkey's attack.
There are monsters nearby!
You hit the howler monkey.
You kill the howler monkey!
A two-headed ogre comes into view.
It is wielding two +0 giant spiked clubs.
The howler monkey closely misses you.
There are monsters nearby!
You barely miss the howler monkey.
There are monsters nearby!
There are monsters nearby!
You hit the two-headed ogre.
The two-headed ogre is lightly wounded.
The two-headed ogre hits you with a +0 giant spiked club. x2
You hit the two-headed ogre but do no damage.
The two-headed ogre is lightly wounded.
The two-headed ogre hits you with a +0 giant spiked club.
The two-headed ogre hits you with a +0 giant spiked club!
You slash the two-headed ogre!
The two-headed ogre is moderately wounded.
As you read the scroll labelled OBUQUTYMIN, it crumbles to dust.
It is a scroll of amnesia.
You feel forgetful for a moment. The two-headed ogre closely misses you.
The two-headed ogre hits you with a +0 giant spiked club!
You slash the two-headed ogre!
The two-headed ogre is heavily wounded.
The howler monkey hoots and howls with incredible vigour!
The two-headed ogre hits you with a +0 giant spiked club!
* * * LOW HITPOINT WARNING * * *
Your body deteriorates!
You feel dopey.
The two-headed ogre hits you with a +0 giant spiked club!
* * * LOW HITPOINT WARNING * * *
Your body deteriorates!
You feel clumsy.
The two-headed ogre attacks as you move away!
The two-headed ogre hits you with a +0 giant spiked club!!
You die...

#.#####...#
#.# #.#
#..## #.##
#.# #..#
#####..##
#.# #..#
#.......##
#.# #..##
####.....#
..# #..##.♣
#.###.######
#.# #.## ..
#.# #.......
#.# #.#
#.####
#.###.######
#.#####.#
#hO@.#
#.....# #
#.......#
####.#
##.#### #
#.#####.#
#.# #..# #
#.#####.#
#.# ##.## #
........#
#.# ##...##
# #.#######
#.####.....#
# ..#
#..........#
# ###
#..........#
##
#.#####...##
##.


You could see a two-headed ogre and a howler monkey (catching breath).

Vanquished Creatures
  Sigmund (D:3)
  A wyvern (D:7)
  Eustachio (D:4)
  A basilisk (D:8)
  A steam dragon (D:7)
  Menkaure (D:6)
  Duvessa (D:6)
  3 water moccasins
  3 ice beasts
  3 black bears
  An ogre (D:6)
  2 orc warriors (D:7)
  A centaur (D:8)
  A phantom (D:5)
  Blork the orc (D:6)
  4 bullfrogs
  3 necrophages
  2 scorpions
  3 wights
  Dowan (D:6)
  5 killer bees
  A howler monkey (D:8)
  A hound (D:6)
  2 orc priests
  2 jellies
  2 gnoll boudas
  4 iguanas
  An orc wizard (D:7)
  A mummy (D:5)
  6 adders
  13 gnolls
  A shadow imp (D:8)
  A white imp (D:6)
  An ufetubus (D:5)
  4 worms
  24 orcs
  4 ball pythons
  5 endoplasms
  3 giant cockroaches
  13 goblins
  10 hobgoblins
  3 jackals (D:4)
  3 kobolds
  5 quokkas
  3 bats
  5 frilled lizards
  12 rats
170 creatures vanquished.

Vanquished Creatures (others)
  A gnoll (D:6)
  18 fungi (D:8)
19 creatures vanquished.

Grand Total: 189 creatures vanquished

Notes
Turn   | Place    | Note
-------+----------+-------------------------------------------
     0 | D:1      | fantasyman the Demigod Fighter began the quest for the Orb.
     0 | D:1      | Reached XP level 1. HP: 18/18 MP: 3/3
   301 | D:1      | Gained mutation: You are dopey. (Int -2) [potion of
                  | mutation]
   301 | D:1      | Gained mutation: You possess an exceptional clarity of
                  | mind. [potion of mutation]
   301 | D:1      | Gained mutation: Your body sometimes deteriorates upon
                  | taking damage. [potion of mutation]
   609 | D:1      | Reached XP level 2. HP: 22/25 MP: 4/4
  1323 | D:2      | Found Camozxorah's Armour Shop.
  1352 | D:2      | Reached XP level 3. HP: 22/31 MP: 5/5
  1513 | D:2      | Reached skill level 3 in Armour
  2102 | D:3      | Noticed Sigmund
  2127 | D:3      | Killed Sigmund
  2128 | D:3      | Reached skill level 4 in Armour
  2128 | D:3      | Reached XP level 4. HP: 37/40 MP: 6/6
  2128 | D:3      | Reached XP level 5. HP: 43/46 MP: 7/7
  2833 | D:3      | Found a transporter.
  2836 | D:3      | Noticed Mune's ghost (weakling MiFi)
  2996 | D:3      | Reached skill level 1 in Dodging
  3129 | D:3      | HP: 2/46 [iguana (9)]
  3132 | D:3      | Reached XP level 6. HP: 3/52 MP: 8/8
  5022 | D:4      | Found a staircase to the Ecumenical Temple.
  5368 | D:4      | Noticed Eustachio
  5378 | D:4      | Killed Eustachio
  5379 | D:4      | Reached XP level 7. HP: 50/60 MP: 9/9
  5413 | D:4      | Reached skill level 5 in Fighting
  5413 | D:4      | Reached skill level 5 in Armour
  5878 | D:5      | Entered Level 5 of the Dungeon
  6460 | D:5      | Noticed an angel
  6774 | D:6      | Noticed Menkaure
  6786 | D:6      | Killed Menkaure
  6787 | D:6      | Reached XP level 8. HP: 23/70 MP: 10/10
  6829 | D:6      | Noticed Blork the orc
  7124 | D:6      | Reached skill level 6 in Armour
  8082 | D:6      | Noticed Duvessa
  8083 | D:6      | Noticed Dowan
  8096 | D:6      | Killed Duvessa
  8099 | D:6      | Killed Dowan
  8100 | D:6      | Reached skill level 7 in Armour
  8100 | D:6      | Reached skill level 5 in Shields
  9427 | D:5      | HP: 3/71 [killer bee (1)]
 11139 | D:6      | Killed Blork the orc
 11478 | D:7      | Reached XP level 9. HP: 68/78 MP: 11/11
 12502 | D:7      | Reached skill level 8 in Armour
 13261 | D:7      | Reached skill level 5 in Axes
 14715 | D:8      | Noticed a two-headed ogre
 14722 | D:8      | Mangled by a two-headed ogre

Illustrated notes

Levels and vault maps discovered:
D:1:      dpeg_arrival_chambers_temple_mockup, layout_loops_ring
D:2:      layout_rooms, serial_shops, shop
D:3:      layout_basic, gammafunk_ghost_mausoleum, chequers_garden, uniq_sigmund
D:4:      layout_cave_pools, kennysheep_little_box, minmay_temple_entry_wispy,
          uniq_eustachio
D:5:      layout_cave_pools, slow_altar_1, zin_angel
D:6:      dreamdust_elfheim, layout_basic, mainiacjoe_overflow_cross_hatched,
          corexii_hall_statues_x, uniq_menkaure, uniq_blork_the_orc
D:7:      layout_loops_ring, mainiacjoe_overflow_six_doors_small
D:8:      layout_loops_ring, mainiacjoe_overflow_catch_the_wave,
          lemuel_coloured_pillars_altar, enter_bailey_3,
          amcnicky_mini_pool_small, grunt_ministairs_3, st_stairs_11

Skill      XL: |  1  2  3  4  5  6  7  8  9 |
---------------+----------------------------+-----
Axes           | 2 3 5 |  5.6
Fighting       | 3 4 5 6 7 |  7.2
Shields        | 3 4 5 |  5.6
Armour         | 4 5 7 8 |  8.6
Dodging        | 1 2 |  2.6
Stealth        | |  0.3
Unarmed Combat | |  0.6

Action                   |  1- 3 |  4- 6 |  7- 9 || total
-------------------------+-------+-------+-------++-------
Melee: War axe           |   129 |   144 |   516 ||   789
       Unarmed           |       |     4 |       ||     4
  Use: Potion            |     4 |       |     5 ||     9
       Scroll            |       |     9 |     5 ||    14
Armor: Scale mail        |    62 |    76 |       ||   138
       Skin              |    12 |     2 |       ||    14
       Plate armour      |       |     3 |   418 ||   421
Dodge: Dodged            |    47 |    72 |   243 ||   362
Block: Buckler           |    38 |    47 |   182 ||   267
